 Dungeon Crawl Stone Soup version 0.29.1-15-g9cfb28693d (webtiles) character file.

Game seed: 1345824097379402864

93 Omnicron the Trooper (level 4, -2/40 HPs)
             Began as a Ghoul Monk on Mar 4, 2023.
             Slain by Grinder (5 damage)
             ... on level 3 of the Dungeon.
             The game lasted 00:08:25 (2054 turns).

Omnicron the Trooper (Ghoul Monk)                   Turns: 2054, Time: 00:08:26

Health: -2/40      AC: 13    Str: 22    XL:     4   Next: 61%
Magic:  3/3        EV: 11    Int:  5    God:
Gold:   151        SH:  0    Dex: 16    Spells: 3/3 levels left

rFire   . . .      SeeInvis .     - Unarmed
rCold   + . .      Faith    .   (no shield)
rNeg    + + +      Spirit   .   p - +3 scale mail of Iqaysirgh {Dex+5}
rPois   ∞          Reflect  .   (no helmet)
rElec   .          Harm     .   (no cloak)
rCorr   .          Rampage  .   (no gloves)
Will    .....                   (no boots)
Stlth   +.........              (no amulet)
HPRegen 0.00/turn               o - +6 ring of strength
MPRegen 0.08/turn               l - +4 ring of protection

@: inhibited regen
A: claws 1, cold resistance 1, negative energy resistance 3, inhibited
regeneration, torment resistance 2, devour on kill
a: no special abilities


You were on level 3 of the Dungeon.
You visited 1 branch of the dungeon, and saw 3 of its levels.

You collected 151 gold pieces.

Inventory:

Missiles
 m - 15 stones (quivered)
Armour
 a - a +0 robe
 h - a +0 plate armour
 i - a +0 leather armour
 p - the +3 scale mail of Iqaysirgh (worn) {Dex+5}
   (You found it on level 3 of the Dungeon)

   Dex:       It affects your dexterity (+5).
Jewellery
 e - a ring of see invisible
 l - a +4 ring of protection (right claw)
 n - a +6 ring of dexterity
 o - a +6 ring of strength (left claw)
Scrolls
 c - 2 scrolls of identify {unknown}
 k - 3 scrolls of teleportation {unknown}
 q - a scroll of amnesia {unknown}
Potions
 b - a potion of ambrosia
 d - 2 potions of curing {unknown}
 f - a potion of heal wounds {unknown}
 g - a potion of invisibility {unknown}


   Skills:
 + Level 3.9 Fighting
 + Level 1.0 Throwing
 + Level 1.5 Armour
 + Level 3.2 Dodging
 - Level 2.1 Stealth
 + Level 3.9 Unarmed Combat


You had 3 spell levels left.
You didn't know any spells.
Your spell library contained the following spells:

 Spells                   Type           Power      Damage    Failure   Level
 Apportation              Tloc           0%         N/A       82%         1
 Necrotise                Necr           0%         1d4       82%         1
 Summon Small Mammal      Summ           0%         N/A       82%         1
 Cause Fear               Hex            0%         N/A       100%        4
 Dragon's Call            Summ           0%         N/A       100%        9
 Dragon Form              Tmut           Unusable   N/A       N/A         7

Dungeon Overview and Level Annotations

Branches:
Dungeon (3/15)

Altars:

Annotations:
D:3 Grinder, Sigmund


Innate Abilities, Weirdness & Mutations

You are immune to poison.
You have sharp fingernails.
Your flesh is cold resistant. (rC+)
You are immune to negative energy. (rN+++)
You do not regenerate when monsters are visible.
You are immune to unholy pain and torment.
You thrive by killing the living.


Message History

You scratch Grinder but do no damage. Your claw misses Grinder.
Grinder is severely wounded.
Grinder barely misses you.
Sigmund points at you and mumbles some strange words.
The puff of flame hits you but does no damage.
You scratch Grinder.
Grinder is severely wounded.
Grinder gestures at you.
You suddenly lose the ability to move!
Sigmund hits you from afar with a +0 vampiric scythe!
* * * LOW HITPOINT WARNING * * *
Grinder hits you.
* * * LOW HITPOINT WARNING * * *
Grinder blinks!
Sigmund barely misses you. Grinder hits you.
* * * LOW HITPOINT WARNING * * *
Sigmund hits you but does no damage. Grinder hits you but does no damage.
You can move again.
You closely miss Grinder.
Grinder is severely wounded.
Grinder blinks!
Sigmund zaps a wand.
The puff of flame hits you but does no damage.
Throw: 17 stones
Press: ? - help, Q - select action Shift-Dir - straight line, f/p - Grinder
Aim: Grinder (severely wounded, 57% to hit)
You throw a stone. The stone hits Grinder.
Grinder is severely wounded.
Sigmund barely misses you.
Throw: 16 stones
Press: ? - help, Q - select action Shift-Dir - straight line, f/p - Grinder
Aim: Grinder (severely wounded, 57% to hit)
You throw a stone.
The stone hits Grinder but does no damage.
Grinder is severely wounded.
Sigmund closely misses you.
You barely miss Grinder.
Grinder is severely wounded.
Grinder hits you.
You die...

...... .. .((...... ........
.. #...#.#.##.........###
#........#.. ........#
#(........) ........#
#[.......#######.....#
#.#....@................ ..
#.#........# #...... ...
#.#....@5# #...... ....
#.##.###.# ####... ....##.
#.....############...
......##................#...
#####...##.########...##...##
...........# #...##.....
.).##...#### #...#..####
#...# ###.......... #...#
######...†..#.####


You could see Grinder and Sigmund.

Vanquished Creatures
  5 adders
  6 bats
  7 endoplasms
  3 giant cockroaches
  3 goblins
  A hobgoblin (D:1)
  4 jackals (D:2)
  2 kobolds (D:1)
  4 ball pythons
  4 frilled lizards
  8 rats
47 creatures vanquished.

Notes
Turn   | Place    | Note
-------+----------+-------------------------------------------
     0 | D:1      | Omnicron the Ghoul Monk began the quest for the Orb.
     0 | D:1      | Reached XP level 1. HP: 19/19 MP: 0/0
   147 | D:1      | Reached XP level 2. HP: 16/26 MP: 1/1
  1123 | D:2      | Reached XP level 3. HP: 30/31 MP: 2/2
  1136 | D:2      | Reached skill level 1 in Armour
  1677 | D:2      | Reached XP level 4. HP: 40/40 MP: 3/3
  1882 | D:3      | Reached skill level 1 in Throwing
  1922 | D:3      | Identified the +3 scale mail of Iqaysirgh {Dex+5}
  2030 | D:3      | Noticed Grinder
  2034 | D:3      | Paralysed by Grinder for 4 turns
  2036 | D:3      | Noticed Sigmund
  2046 | D:3      | Paralysed by Grinder for 4 turns
  2054 | D:3      | Slain by Grinder

Illustrated notes

Levels and vault maps discovered:
D:1:      scummos_arrival_star, layout_basic
D:2:      layout_loops_cross
D:3:      layout_basic, old_standard_altar, kennysheep_generic_room_14,
          uniq_grinder, uniq_sigmund, uniq_terence, uniq_ijyb

Skill      XL: |  1  2  3  4 |
---------------+-------------+-----
Armour         | 1 |  1.5
Dodging        | 3 |  3.2
Throwing       | 1 |  1.0
Fighting       | |  3.9
Stealth        | |  2.1
Unarmed Combat | |  3.9

Action                   |  1- 3 |  4- 6 || total
-------------------------+-------+-------++-------
Melee: Unarmed           |    94 |    49 ||   143
       Punch             |     3 |     1 ||     4
Throw: Javelin           |       |     4 ||     4
       Stone             |       |     2 ||     2
 Stab: Sleeping          |     3 |       ||     3
Armor: Robe              |     6 |       ||     6
       Leather armour    |    26 |    16 ||    42
       Scale mail        |       |     4 ||     4
Dodge: Dodged            |    66 |    34 ||   100
